Map: Winter's Gate LE

Players

sultan

  • Race: Zerg Zerg
  • League: Bronze
  • Spawn Location: 5:00

HarnessedSea - Winner!

  • Race: Zerg Zerg
  • League: Silver
  • Spawn Location: 11:00

VOD

Have the link to the VOD?

Description

Time

  • Played on: Aug. 23, 2019, 9:59 a.m.
  • Length: 14:42
Show
View Real Time Build Order
Export as new Build Order

sultan Zerg 

Build Orders: 1 Base Baneling Bust, Pool First 

Get SALT Encoding   

  12  0:10  Overlord  
  12  0:18  Drone x2  
  14  0:32  Drone  
  15  0:39  Extractor  
  14  0:45  Drone x2  
  16  0:52  Spawning Pool  
  15  1:06  Drone x2  
  17  1:27  Drone  
  17  1:28  Drone  
  19  1:39  Evolution Chamber  
  18  1:41  Metabolic Boost  
  18  1:43  Queen  
  20  2:02  Baneling Nest  
  20  2:03  Drone x2  
  20  2:04  Drone  
  22  2:16  Overlord  
  22  2:29  Roach Warren  
  21  2:43  Zergling x4  
  23  2:51  Lair  
  23  3:04  Baneling  
  23  3:05  Baneling x2  
  23  3:11  Drone x2  
  23  3:12  Drone x3  
  28  3:20  Extractor  
  28  3:25  Baneling  
  26  3:32  Roach x2  
  30  4:11  Roach Warren  
  29  4:19  Overlord x2  
  29  4:20  Overlord x4  
  28  4:32  Glial Reconstitution  
  28  4:51  Roach x5  
  38  4:56  Zerg Missile Weapons Level 1  
  38  5:28  Drone x3  
  41  5:38  Queen  
  43  5:50  Hatchery  
  42  5:58  Hydralisk Den  
  41  6:12  Roach Warren  
  40  6:35  Roach x3  
  46  6:43  Grooved Spines  
  46  6:50  Zerg Melee Weapons Level 1  
  46  6:58  Queen  
  48  7:24  Hydralisk x4  
  48  7:25  Hydralisk  
  58  7:30  Drone x3  
  61  7:39  Overlord  
  61  7:48  Extractor  
  60  7:51  Extractor  
  60  7:52  Drone  
  60  7:54  Muscular Augments  
  60  7:58  Overlord x2  
  58  8:17  Drone x2  
  58  8:18  Drone  
  61  8:23  Drone x2  
  61  8:24  Drone  
  64  8:29  Roach  
  64  8:30  Roach  
  68  8:41  Hydralisk x4  
  68  8:44  Zerg Ground Armor Level 1  
  76  8:54  Infestation Pit  
  75  8:59  Burrow  
  75  9:13  Overlord x2  
  75  9:36  Drone  
  75  9:37  Drone x4  
  80  9:52  Overlord  
  78  10:19  Hydralisk x3  
  84  10:22  Overlord x2  
  84  10:33  Overlord  
  84  10:38  Zerg Missile Weapons Level 2  
  59  11:07  Overlord x4  
  55  11:35  Roach  
  55  11:36  Roach  
  59  12:04  Hatchery  
  54  13:12  Queen  
  56  13:19  Queen  
  56  13:53  Roach x2  
  56  13:54  Roach  
  62  13:58  Hydralisk x2  
  68  14:03  Roach  
  68  14:11  Overlord  
  68  14:22  Drone x2  
Show
View Real Time Build Order
Export as new Build Order

HarnessedSea Zerg - Winner!

Build Orders: Hatch First, Swarm Host 

Get SALT Encoding   

  12  0:01  Drone  
  13  0:13  Overlord  
  13  0:17  Drone  
  14  0:31  Drone x2  
  14  0:35  Drone  
  17  0:53  Hatchery  
  16  0:59  Drone  
  17  1:10  Extractor  
  16  1:15  Spawning Pool  
  15  1:31  Drone x3  
  18  1:41  Overlord  
  18  1:52  Drone  
  19  2:04  Drone  
  19  2:06  Queen x2  
  24  2:15  Zergling x4  
  26  2:19  Metabolic Boost  
  26  2:23  Zergling x2  
  26  2:27  Drone  
  26  2:29  Drone  
  29  2:41  Drone x2  
  31  2:50  Baneling Nest  
  31  2:51  Drone x2  
  32  2:57  Overlord  
  32  3:15  Drone  
  32  3:16  Drone x4  
  38  3:20  Drone x4  
  38  3:29  Zergling x4  
  38  3:32  Roach Warren  
  38  3:33  Drone  
  41  3:35  Drone  
  41  3:40  Lair  
  42  3:44  Overlord  
  42  4:02  Drone  
  43  4:04  Overlord x2  
  43  4:13  Roach, Extractor  
  43  4:14  Roach x3  
  49  4:43  Glial Reconstitution  
  49  4:48  Drone x10, Extractor  
  49  4:49  Evolution Chamber, Extractor  
  49  4:50  Evolution Chamber  
  55  4:53  Drone  
  55  4:56  Overseer  
  55  4:58  Hatchery  
  55  5:03  Drone  
  56  5:13  Drone  
  56  5:14  Drone x6  
  63  5:25  Queen  
  65  5:43  Hydralisk Den  
  65  5:44  Roach x2  
  65  5:47  Overlord x6  
  68  5:55  Zerg Missile Weapons Level 1, Zerg Ground Armor Level 1  
  68  6:18  Muscular Augments, Hydralisk x4  
  68  6:20  Zergling x14  
  68  6:25  Queen  
  85  6:33  Pneumatized Carapace, Burrow  
  85  6:38  Extractor  
  84  6:42  Extractor  
  84  6:43  Hydralisk x2  
  84  6:46  Zergling x8  
  91  6:54  Drone x5, Hatchery  
  91  6:55  Drone x3  
  98  7:29  Grooved Spines  
  98  7:33  Drone x4  
  102  7:37  Drone  
  102  7:38  Drone x4  
  107  7:49  Drone x5, Infestation Pit  
  107  7:50  Overlord x2  
  111  7:55  Zerg Missile Weapons Level 2, Zerg Ground Armor Level 2  
  107  8:13  Hydralisk  
  107  8:14  Hydralisk x9  
  107  8:17  Queen  
  129  8:26  Spore Crawler  
  128  8:28  Spore Crawler  
  128  8:29  Drone x2  
  128  8:31  Hatchery, Extractor  
  128  8:32  Hive  
  127  8:34  Extractor  
  127  8:35  Swarm Host x5  
  141  8:52  Hydralisk  
  143  8:56  Overlord x4  
  143  8:57  Overlord x2  
  143  9:20  Hydralisk x12  
  143  9:22  Roach  
  169  9:26  Hydralisk x2  
  167  11:19  Overlord  
  167  11:40  Zerg Missile Weapons Level 3, Zerg Ground Armor Level 3  
  167  11:44  Ultralisk Cavern  
  166  11:48  Hatchery  
  165  12:01  Overseer x2  
  165  12:08  Viper  
  165  12:09  Viper  
  171  12:38  Chitinous Plating  
  171  12:41  Ultralisk x4  
  195  12:44  Roach x2  
  197  13:05  Queen  
  199  13:57  Anabolic Synthesis  
Tags
 
Add a new tag
Caveats
  • Supply blocks, unpowered buildings, or Contaminate may cause inaccurate times.
  • Supply counts are checked every 10 seconds.